 Dungeon Crawl Stone Soup version 0.28-a0-43-g560ac104fe (webtiles) character file.

Game seed: 18135941746122347444

8 Bapho the Shield-Bearer (level 2, 0/24 HPs)
             Began as a Formicid Fighter on July 28, 2021.
             Frozen to death by an endoplasm (1 damage)
             ... on level 1 of the Dungeon.
             The game lasted 00:00:20 (63 turns).

Bapho the Shield-Bearer (Formicid Fighter)            Turns: 63, Time: 00:00:21

Health: 0/24       AC:  6    Str: 20    XL:     2   Next: 15%
Magic:  2/2        EV:  8    Int:  7    God:
Gold:   0          SH:  9    Dex: 10    Spells: 1/1 levels left

rFire   . . .      SeeInvis +   a - +0 war axe
rCold   . . .      Faith    .   c - +0 kite shield
rNeg    . . .      Spirit   .   b - +0 scale mail
rPois   .          Reflect  .   (helmet unavailable)
rElec   .          Harm     .   (no cloak)
rCorr   .          Rampage  .   (no gloves)
Will    .....                   (no boots)
Stlth   ..........              (no amulet)
HPRegen 0.08/turn               (no ring)
MPRegen 0.08/turn               (no ring)

@: no status effects
A: permanent stasis, dig shafts and tunnels, antennae 3, four strong arms
a: Dig, Shaft Self


You were on level 1 of the Dungeon.
You visited 1 branch of the dungeon, and saw 1 of its levels.

Inventory:

Hand Weapons
 a - a +0 war axe (weapon)
Armour
 b - a +0 scale mail (worn)
 c - a +0 kite shield (worn)
Potions
 d - a potion of might


   Skills:
 - Level 3.2 Fighting
 + Level 2.2 Axes
 - Level 3.2 Armour
 * Level 4.1 Shields


You had one spell level left.
You didn't know any spells.
Your spell library was empty.

Dungeon Overview and Level Annotations

Branches:
Dungeon (1/15)

Altars:


Innate Abilities, Weirdness & Mutations

You cannot be hasted, slowed, berserked, paralysed or teleported.
You can dig through walls and to a lower floor.
You have a pair of large antennae on your head. (SInv)
Your four strong arms can wield two-handed weapons with a shield.


Message History

The jackal is severely wounded.
You slash the endoplasm!
You kill the endoplasm!
You block the jackal's attack. The jackal bites you.
The endoplasm hits you but does no damage.
Your Shields skill increases to level 4!
You are too injured to fight recklessly!
You are too injured to fight recklessly!
You are too injured to fight recklessly!
You hit the endoplasm but do no damage. You barely miss the jackal.
The jackal bites you but does no damage. x2
The endoplasm freezes you.
You are frozen.
The jackal barely misses you.
You hit the endoplasm.
The endoplasm is heavily wounded.
You closely miss the jackal. The endoplasm freezes you.
You are frozen.
The jackal barely misses you. You block the endoplasm's attack.
You block the jackal's attack.
You hit the endoplasm but do no damage.
The endoplasm is heavily wounded.
You closely miss the jackal. The jackal bites you. The endoplasm hits you.
* * * LOW HITPOINT WARNING * * *
You block the jackal's attack. You block the endoplasm's attack.
You hit the endoplasm.
You kill the endoplasm!
Your shield and scale mail prevent you from hitting the jackal.
The jackal misses you. The jackal bites you.
* * * LOW HITPOINT WARNING * * *
The endoplasm hits you but does no damage.
You have reached level 2!
The jackal bites you but does no damage.
You hit the jackal.
You kill the jackal!
The endoplasm closely misses you.
You hit the endoplasm.
The endoplasm is lightly wounded.
The endoplasm freezes you.
You are frozen.
You die...

........# #.#.#.....
........# #####.#.#....#
........# #...#.#.####.#
........# #.#.#.#.......
........# #.#.#.########
........# #.#...#.....#.
......†r####.#.#.#.....#.
#J#....#.#.+..<..'.
#.@.########.....## #.#.#
#.....# #.#.# #######
..... ....... .........
.....###### ####..


You could see an endoplasm and a rat.

Vanquished Creatures
  2 endoplasms (D:1)
  3 jackals (D:1)
  A ball python (D:1)
  A bat (D:1)
7 creatures vanquished.

Notes
Turn   | Place    | Note
-------+----------+-------------------------------------------
     0 | D:1      | Bapho the Formicid Fighter began the quest for the Orb.
     0 | D:1      | Reached XP level 1. HP: 18/18 MP: 1/1
    57 | D:1      | Reached skill level 4 in Shields
    61 | D:1      | Reached XP level 2. HP: 1/24 MP: 2/2
    63 | D:1      | Frozen to death by an endoplasm

Illustrated notes

Levels and vault maps discovered:
D:1:      minmay_arrival_checkered_box, layout_basic,
          shapermc_ecumenical_altar_mp_highgroup

Skill      XL: |  1 |
---------------+----+-----
Shields        | 4 |  4.1
Fighting       | |  3.2
Axes           | |  2.2
Armour         | |  3.2

Action                   || total
-------------------------++-------
Melee: War axe           ||    18
Armor: Scale mail        ||    14
Dodge: Dodged            ||     6
Block: Kite shield       ||    16

Table legend: (Time is in decaauts)
 A = Elapsed time spent in this place.
 B = Non-inter-level travel time spent in this place.
 C = Inter-level travel time spent in this place.
 D = Time resting spent in this place.
 E = Time spent auto-exploring this place.
 F = Levels seen in this place.
 G = Mean time per level.
                   A        B        C        D        E       F      G
               +--------+--------+--------+--------+--------+-----+--------+
         Total |     73 |     73 |      0 |      0 |     35 |   1 |   73.0 |
       Dungeon |     73 |     73 |      0 |      0 |     35 |   1 |   73.0 |
               +--------+--------+--------+--------+--------+-----+--------+

Top non-repeatable levels by time:
     D:1: 73 daAuts
